 Dungeon Crawl Stone Soup version 0.31-a0-187-gba352fbbf7 (webtiles) character file.

Game seed: 12195793235901661398

1126 qw the Skirmisher (level 8, -2/45 HPs)
             Began as a Deep Elf Hunter on June 22, 2023.
             Slain by an iguana (11 damage)
             ... on level 6 of the Dungeon.
             The game lasted 00:01:30 (3566 turns).

qw the Skirmisher (Deep Elf Hunter)                 Turns: 3566, Time: 00:01:30

Health: -2/45      AC:  8    Str:  8    XL:     8   Next: 13%
Magic:  10/10      EV: 12    Int: 15    God:
Gold:   295        SH:  0    Dex: 20    Spells: 7/7 levels left

rFire   + . .        Y - +2 shortbow
rCold   + . .        (shield currently unavailable)
rNeg    . . .        i - +0 ring mail
rPois   .            j - +0 helmet
rElec   +            (no cloak)
rCorr   .            (no gloves)
SInv    .            a - +1 pair of boots
Will    .....        (no amulet)
Stlth   +            f - ring of protection from cold
HPRegen 0.27/turn    c - ring of protection from fire
MPRegen 0.12/turn

%: no passive effects
@: about to teleport
A: hooves 1, electricity resistance
a: no special abilities


You were on level 6 of the Dungeon.
You visited 2 branches of the dungeon, and saw 7 of its levels.

You collected 295 gold pieces.


Innate Abilities, Weirdness & Mutations

You have large cloven feet.
You are resistant to electric shocks. (rElec)


   Skills:
 + Level 2.7 Fighting
 - Level 12.1 Ranged Weapons
 - Level 1.1 Armour
 - Level 4.6 Dodging
 - Level 1.2 Stealth


You had 7 spell levels left.
You didn't know any spells.
Your spell library was empty.

Inventory:

Hand Weapons
 Y - a +2 shortbow (weapon)
Armour
 a - a +1 pair of boots (worn)
 i - a +0 ring mail (worn)
 j - a +0 helmet (worn)
Jewellery
 b - a +6 ring of strength
 c - a ring of protection from fire (right hand)
 e - a ring of resist corrosion
 f - a ring of protection from cold (left hand)
Scrolls
 g - 2 scrolls of identify
Potions
 d - 2 potions of curing

Dungeon Overview and Level Annotations

Branches:
Dungeon (6/15)             Temple (1/1) D:5

Altars:
Cheibriados
Elyvilon
Fedhas
Hepliaklqana
Kikubaaqudgha
Nemelex Xobeh
Qazlal
Ru
Sif Muna
Trog
Uskayaw
Vehumet
Wu Jian

Shops:
D:2 ([[


Message History

You shoot an arrow. The arrow misses the adder.
You shoot an arrow. The arrow misses the adder.
The adder barely misses you.
You shoot an arrow.
The arrow hits the adder but does no damage.
The iguana closely misses you. The adder barely misses you.
You shoot an arrow. The arrow hits the adder.
The adder is heavily wounded.
The iguana closely misses you. The adder barely misses you.
You shoot an arrow. The arrow hits the adder!
You kill the adder!
The iguana barely misses you.
You shoot an arrow. The arrow barely misses the iguana.
The iguana completely misses you.
You shoot an arrow. The arrow closely misses the iguana.
The iguana bites you.
You shoot an arrow. The arrow barely misses the iguana.
The iguana bites you!
You shoot an arrow. The arrow closely misses the iguana.
The iguana bites you!
You shoot an arrow. The arrow barely misses the iguana.
The iguana barely misses you.
You shoot an arrow.
The arrow hits the iguana but does no damage.
The iguana bites you.
You shoot an arrow. The arrow hits the iguana.
The iguana is moderately wounded.
The iguana bites you.
A hound comes into view.
You shoot an arrow. The arrow hits the iguana.
The iguana is heavily wounded.
The iguana closely misses you.
You shoot an arrow. The arrow hits the iguana.
The iguana is severely wounded.
The iguana bites you!
3566 ||| READING scroll of teleportation.
As you read the scroll of teleportation, it crumbles to dust.
You feel strangely unstable. The iguana bites you!
You die...

#..##.#<#...... ..
##......#...... .
##.####..........#..
..###.....#........<.#..
....................##..
.......#................
........................
......l.................
....h..@................
....#.#........#........
. # #.#.##############
#..#.# #..#.# .....#
......# .......#
#.......#


You could see an iguana and a hound.

Vanquished Creatures
  A sky beast (D:5)
  2 ogres (D:5)
  4 phantoms
  A kobold brigand (D:4)
  A scorpion (D:5)
  A bullfrog zombie (D:6)
  2 hounds
  A jelly (D:4)
  An orc priest (D:4)
  A bullfrog skeleton (D:6)
  2 iguanas (D:4)
  Natasha (thrice) (D:2)
  5 adders
  A shadow imp (D:5)
  An ufetubus (D:4)
  3 worms
  2 dart slugs
  4 orcs (D:4)
  5 ball pythons
  15 endoplasms
  2 giant cockroaches
  5 goblins
  5 hobgoblins
  6 quokkas
  A bat (D:3)
  A frilled lizard (D:1)
  7 kobolds
  4 rats
87 creatures vanquished.

Notes
Turn   | Place    | Note
-------+----------+-------------------------------------------
     0 | D:1      | qw the Deep Elf Hunter began the quest for the Orb.
     0 | D:1      | Reached XP level 1. HP: 12/12 MP: 3/3
     0 | D:1      | 0 ||| qw: Version: 0.3-a-9-g12657ce
     0 | D:1      | 0 ||| qw: Game counter: 1980
     0 | D:1      | 0 ||| qw: Always use a shield: true
     0 | D:1      | 0 ||| qw: God list: Okawaru
     0 | D:1      | 0 ||| qw: Allow faded altars: false
     0 | D:1      | 0 ||| qw: Do Orc after D:15 true
     0 | D:1      | 0 ||| qw: Do second Lair branch before Depths: true
     0 | D:1      | 0 ||| qw: Lair rune preference: random
     0 | D:1      | 0 ||| qw: Plans: Normal
     0 | D:1      | 0 ||| PLANNING D:1-11
    88 | D:1      | Reached skill level 6 in Ranged Weapons
    88 | D:1      | Reached XP level 2. HP: 16/16 MP: 4/4
   491 | D:1      | 491 ||| UPGRADING to +0 pair of boots.
   496 | D:1      | 496 ||| UPGRADING to +0 ring mail.
   506 | D:1      | 506 ||| DROPPING +0 leather armour.
   507 | D:1      | 507 ||| UPGRADING to +0 helmet.
   512 | D:1      | 512 ||| UPGRADING to ring of protection from cold.
   513 | D:1      | 513 ||| UPGRADING to +6 ring of strength.
   514 | D:1      | 514 ||| READING scroll labelled OXZYSMURIH.
   515 | D:1      | 515 ||| DROPPING scroll of butterflies.
   554 | D:2      | Reached XP level 3. HP: 20/20 MP: 5/5
   634 | D:2      | Noticed Natasha
   636 | D:2      | Killed Natasha
   637 | D:2      | Reached skill level 7 in Ranged Weapons
   654 | D:2      | Noticed Natasha
   656 | D:2      | Killed Natasha
   657 | D:2      | Reached XP level 4. HP: 25/25 MP: 6/6
   788 | D:2      | Noticed Natasha
   795 | D:2      | Killed Natasha
   796 | D:2      | Reached skill level 8 in Ranged Weapons
   815 | D:2      | Found Uchegausm's Weapon Boutique.
   815 | D:2      | Noticed a +0 triple sword
   815 | D:2      | Noticed a +0 executioner's axe
   823 | D:2      | 823 ||| SHOPLISTING +0 triple crossbow (130 gold, have 61).
   942 | D:2      | Found Olimog's Antique Armour Shoppe.
   945 | D:2      | 945 ||| SHOPLISTING runed leather armour (140 gold, have
                  | 61).
   945 | D:2      | 945 ||| SHOPLISTING runed scarf (224 gold, have 61).
   945 | D:2      | 945 ||| SHOPLISTING shiny ring mail (196 gold, have 61).
   960 | D:2      | Found an ancient bone altar of Kikubaaqudgha.
   984 | D:2      | Found Azxoth's Antique Armour Shop.
   994 | D:2      | 994 ||| UPGRADING to +1 pair of boots.
  1004 | D:2      | 1004 ||| DROPPING +0 pair of boots.
  1005 | D:2      | 1005 ||| READING scroll labelled XIEPHARAIT.
  1006 | D:2      | 1006 ||| READING 2 scrolls labelled GONUXU REUF.
  1007 | D:2      | 1007 ||| READING 2 scrolls labelled WAT ZOEBRAMM.
  1008 | D:2      | 1008 ||| READING scroll labelled LENU VYARIA.
  1009 | D:2      | 1009 ||| DRINKING 2 orange potions.
  1009 | D:2      | Gained mutation: You occasionally lose the ability to read
                  | scrolls when taking damage. [potion of mutation]
  1010 | D:2      | 1010 ||| DRINKING potion of mutation.
  1010 | D:2      | Lost mutation: You occasionally lose the ability to read
                  | scrolls when taking damage. [potion of mutation]
  1010 | D:2      | Gained mutation: You are resistant to electric shocks.
                  | (rElec) [potion of mutation]
  1010 | D:2      | Gained mutation: You have large cloven feet. [potion of
                  | mutation]
  1011 | D:2      | 1011 ||| DROPPING scroll of poison.
  1013 | D:2      | 1013 ||| Stepping ~*~*~tactically~*~*~ (cloud).
  1019 | D:2      | HP: 6/25 [poisoned by you (poison gas)]
  1173 | D:3      | Reached XP level 5. HP: 29/29 MP: 7/7
  1359 | D:3      | 1359 ||| READING scroll of enchant weapon.
  1359 | D:3      | 1359 ||| ENCHANTING +1 shortbow.
  1371 | D:3      | Found a white marble altar of Elyvilon.
  1448 | D:3      | 1448 ||| UPGRADING to ring of protection from fire.
  1450 | D:3      | 1450 ||| READING scroll labelled NESHRO IFRORAOC.
  1451 | D:3      | 1451 ||| READING scroll labelled PYRIEK RYCH.
  1452 | D:3      | 1452 ||| READING scroll labelled INESUIREKLAL.
  1507 | D:3      | 1507 ||| DRINKING 2 sapphire potions.
  1508 | D:3      | 1508 ||| READING 3 scrolls of identify.
  1508 | D:3      | 1508 ||| IDENTIFYING brown potion
  1509 | D:3      | 1509 ||| DROPPING potion of attraction.
  1510 | D:3      | 1510 ||| DROPPING potion of degeneration.
  1529 | D:4      | 1529 ||| STAIRDANCE
  1607 | D:4      | Reached skill level 9 in Ranged Weapons
  1646 | D:4      | Found a blossoming altar of Fedhas.
  1902 | D:4      | Reached skill level 1 in Armour
  1902 | D:4      | Reached XP level 6. HP: 35/35 MP: 8/8
  2369 | D:4      | 2369 ||| READING scroll labelled MYEPRA EPTY.
  2370 | D:4      | 2370 ||| READING 2 scrolls of identify.
  2370 | D:4      | 2370 ||| IDENTIFYING golden potion
  2382 | D:5      | Entered Level 5 of the Dungeon
  2425 | D:5      | Reached skill level 10 in Ranged Weapons
  2605 | D:5      | Reached skill level 3 in Dodging
  2605 | D:5      | Reached XP level 7. HP: 32/40 MP: 9/9
  2783 | D:5      | Reached skill level 11 in Ranged Weapons
  2897 | D:5      | Reached skill level 12 in Ranged Weapons
  2920 | D:5      | Found a staircase to the Ecumenical Temple.
  2921 | D:5      | 2921 ||| PLANNING TEMPLE
  2921 | D:5      | 2921 ||| DROPPING +6 ring of intelligence.
  2922 | D:5      | 2922 ||| READING 3 scrolls labelled IFEANT ROXU.
  2925 | D:5      | 2925 ||| DRINKING 2 fizzy blue potions.
  2926 | D:5      | 2926 ||| DROPPING potion of brilliance.
  2973 | Temple   | Entered the Ecumenical Temple
  3135 | Temple   | 3135 ||| PLANNING D:1-11
  3379 | D:6      | HP: 4/40 [hornet zombie (9)]
  3380 | D:6      | 3380 ||| READING 2 scrolls of teleportation.
  3532 | D:6      | Reached XP level 8. HP: 44/44 MP: 10/10
  3565 | D:6      | HP: 8/45 [iguana (12)]
  3566 | D:6      | 3566 ||| READING scroll of teleportation.
  3566 | D:6      | Slain by an iguana

Levels and vault maps discovered:
D:1:      matt_arrival_los_fun, layout_basic
D:2:      layout_rooms, serial_shops, shop, nicolae_shop_mannequins,
          nicolae_shop_real_fake_doors, basic_altar, serial_bayou_crossing,
          uniq_natasha
D:3:      layout_rooms, mainiacjoe_overflow_alcove_2
D:4:      minmay_wonky_spiral, layout_loops_ring, mainiacjoe_overflow_boulevard
D:5:      layout_loops_ring, minmay_temple_entry_poolview
D:6:      kennysheep_windowed_halls, layout_cave_pools,
          grunt_temple_overflow_open, serial_undead, serial_undead_b,
          serial_undead_f, serial_undead_f, serial_undead_d, serial_shops,
          shop_fountains, dk_noncrumbling_4
Temple:   nicolae_temple_bog_church

Skill      XL: |  1  2  3  4  5  6  7 |
---------------+----------------------+-----
Ranged Weapons | 6 7 8 9 10 12 | 12.1
Fighting       | 2 |  2.7
Armour         | 1 |  1.1
Dodging        | 3 4 |  4.6
Stealth        | |  1.2

Action                     |  1- 3 |  4- 6 |  7- 9 || total
---------------------------+-------+-------+-------++-------
   Fire: Shortbow          |    67 |   163 |    81 ||   311
    Use: Scroll            |     1 |    11 |     3 ||    15
         Potion            |       |     3 |     1 ||     4
 Armour: Leather armour    |     1 |       |       ||     1
         Ring mail         |       |    19 |     9 ||    28
  Dodge: Dodged            |     9 |    23 |    16 ||    48

Table legend:
 A = Non-vault XP
 B = Vault XP
 C = Vault XP percentage of total XP
 D = Non-vault monster count
 E = Vault monster count
 F = Vault count percentage of total count
                 A         B        C        D         E       F
            +---------+---------+-------+---------+---------+-------
      Total |    1282 |     327 |  20.3 |      78 |       9 |  10.3
            +---------+---------+-------+---------+---------+-------
        D:1 |      36 |       0 |   0.0 |      20 |       0 |   0.0
        D:2 |     109 |      35 |  24.3 |      16 |       1 |   5.9
        D:3 |      40 |       0 |   0.0 |      14 |       0 |   0.0
        D:4 |     248 |     106 |  29.9 |      16 |       5 |  23.8
        D:5 |     793 |       0 |   0.0 |      10 |       0 |   0.0
        D:6 |      56 |     186 |  76.9 |       2 |       3 |  60.0
            +---------+---------+-------+---------+---------+-------
